Workbook

Sheet 1. Instructions to tenderers
A1: =MID(CELL("filename",A1),FIND("]",CELL("filename",A1))+1,255) -> 1. Instructions to tenderers
A3: Response to award criteria E - Ultimate Cost TENDERERS MUST COMPLETE TAB 2. RATE CARD, TAB 3.RECURRING COSTS AND TAB 4. WEBSITE DEVELOPEMENT
A4: ='2. Rate card'!A1 -> 2. Rate card
A6: By submitting the following schedule I/we confirm that I/we:
A8: • Have examined the tender documentation and hereby offer to provide the services in accordance with the details contained within the Request for Tender (RFT) document. • Have priced our tender on the basis of all rates being inclusive of all out of pocket expenses (For example licencing, hosting and so on.) and account / contract management related costs. • Will keep this offer for the contract / framework open for acceptance by the Charities Regulator for a period of 12 months from the date of deadline for submission of tenders • Agree that the Charities Regulator is not bound to accept the most economically advantageous or any tender you may receive • Agree that the rates stated are maximum prices for the duration of the framework agreement • Agree that indexing of extensions costs are to be agreed in contract terms • Have included all elements costs necessary for the performance of the specified requirements, which are either expressly stated in the RFT or contained in any supplementary information or which could reasonably be inferred therefrom • Have found no errors, omissions, conflicts or ambiguities in the following pricing schedule RFT except those which I/we have brought to the attention of the Contracting Authority before the latest date for submitting queries
A11: General Notes/Information
A13: Pricing
A14: • Tenderers must quote the rates for the supplied staff using the Rate Card Tab - A day rate will auto generate in tab 4 where tenderers can input the number fo days relevant to each phase of the project. • All prices quoted must be all-inclusive (that is including but not limited to ancillary costs and all other costs/expenses), be expressed in Euro only and exclusive of VAT. The VAT rate(s) where applicable should be indicated. | E14: See text change re vat inclusive cost
A16: Assumptions
A17: • Assumptions must be minimal and fully explained (Ask clarification questions if further information is required to eliminate caveats or assumptions)
A19: Tenderers are requested to:
A20: • Detail licences and subscriptions for all software within the scope of their solution including all software, tools and all other licences and subscriptions needed to deliver the proposed solution • Outline all support and maintenance costs associated with the requirements of the Charities Regulator • Detail all third party product(s) that are proposed in the solution. All integration services between the third party product(s) and the vendor’s solution must be included in the project costs. All 3rd party product(s) license and subscription costs must be included in the project costs. The vendor will be responsible for managing all system integration costs. • Include all Professional Services required to support requirements. • Include the proposed licence and subscription costs for the term of the contract. Any restrictions associated with licence and subscription fees must be clearly stated such as maximum number of users, maximum number of concurrent users. • Complete the cost tables in the costing tabs 2 & 3. (The Website Development Costs (Tab 4) requires input regarding days. The Total Cost Summary (Tab 5) will be auto-filled from Tabs 2, 3 and 5)
A22: All cells where data or information can be entered are shaded green | D22: Do not enter data or change other cells.

Sheet 2. Rate card
A1: =MID(CELL("filename",A1),FIND("]",CELL("filename",A1))+1,255) -> 2. Rate card
A2: This worksheet must be completed in respect of all roles that might be required over the term of the contract including extensions.
A3: All costs must be quoted in euro excluding VAT
A4: ONLY EDIT GREEN CELLS
A5: • The roles required to fulfil the contract are illustrative - Please do not edit
A6: • For each role, describe the key responsbilities, the typical numbers of years' experience and qualifications of those filling such roles
A7: • Provide daily rates for the team (A day is considered to be 7.5 hours and an hourly rate will be calculagted on a pro-rated basis)
A8: Apply these rates to the Project Costs using the rate applicable to the roles required
A10: Tenderer Name: please eneter name in Cell C10
A11: Role | B11: Key responsibilities | C11: Daily Rate € | D11: Years' experience and professional qualifications
A12: Project/Account Management | C12: 0
A13: Creative Director | C13: 0
A14: Head of Design | C14: 0
A15: Technical Director | C15: 0
A16: Content & Strategy | C16: 0
A17: UX/UI Designer (Senior/Junior) | C17: 0
A18: Developer (Senior/Junior) | C18: 0
A19: Copywriter | C19: 0
A20: SEO Specialist | C20: 0
A21: Testing & Quality Assurance | C21: 0
A22: Training | C22: 0
A23: Data analysis | C23: 0
... A26: Other 3 (please specify) | C26: 0

Sheet 3. Recurring costs
A1: =MID(CELL("filename",A1),FIND("]",CELL("filename",A1))+1,255) -> 3. Recurring costs
A2: This worksheet must be completed in respect of all hosting, support and maintenance and software costs over the term of the contract including extensions.
A3: All costs must be quoted in euro excluding VAT
A5: Hosting
A6: • The proposed hosting costs and the basis for them must be provided
A7: Support & Maintenance
A8: • Tenderers are required to provide details of the basis for the calculation of the recurring maintenance and support costs post implementation of the newly developed website (for duration of SLA). The basis for calculating support and maintenance costs for future enhancements and modification should also be included.
A9: • Support, Maintenance and Operation Costs shall apply following the successful achievement of the solution go-live project milestone
A11: Software
A12: • The proposed software usage must accommodate the volume of users as set out in the RFT. Tenderers must include contingency, administrator and any other user licences and subscriptions required to run and operate the proposed solution. All licencing and subscription costs must be listed on this worksheet.
A13: • Costs must include all associated products and technologies including 3rd party licenses and subscriptions
A15: • Unlimited user licenses and subscriptions should be clearly highlighted. A quantity of 1 should be used for every instance of an unlimited user license or software subscription
A16: ONLY EDIT GREEN CELLS
A18: Tenderer Name: please eneter name in Cell B18
A19: Product / component | B19: License / subscription type (enter type below) | C19: Pricing basis | D19: Year 1 | G19: Year 2 | J19: Year 3 | M19: Year 4 | P19: Year 5
D20: Price per unit | E20: Quantity | F20: Annual cost | G20: Price per unit | H20: Quantity | I20: Annual cost | J20: Price per unit | K20: Quantity | L20: Annual cost | M20: Price per unit | N20: Quantity | O20: Annual cost | P20: Price per unit | Q20: Quantity | R20: Annual cost
A21: HOSTING
F22: 0 | I22: 0 | L22: 0 | O22: 0 | R22: 0
A23: that is, for example, . AWS Hosting Services | B23: that is…. Estmated cost | F23: 0 | I23: 0 | L23: 0 | O23: 0 | R23: 0
F24: 0 | I24: 0 | L24: 0 | O24: 0 | R24: 0
A25: (add lines as necessary) | F25: 0 | I25: 0 | L25: 0 | O25: 0 | R25: 0
A26: SUPPORT & MAINTENANCE
F27: 0 | I27: 0 | L27: 0 | O27: 0 | R27: 0
F28: 0 | I28: 0 | L28: 0 | O28: 0 | R28: 0
F29: 0 | I29: 0 | L29: 0 | O29: 0 | R29: 0
A30: (add lines as necessary) | F30: 0 | I30: 0 | L30: 0 | O30: 0 | R30: 0
A31: SOFTWARE
A32: that is CMS | B32: that is…. Site Licence, Cookie control, plug ins and so on | D32: 0 | E32: 0 | F32: =D32*E32 -> 0 | G32: 0 | H32: 0 | I32: =G32*H32 -> 0 | J32: 0 | K32: 0 | L32: =J32*K32 -> 0 | M32: 0 | N32: 0 | O32: =M32*N32 -> 0 | P32: 0 | Q32: 0 | R32: =P32*Q32 -> 0
D33: 0 | E33: 0 | F33: =D33*E33 -> 0 | G33: 0 | H33: 0 | I33: =G33*H33 -> 0 | J33: 0 | K33: 0 | L33: =J33*K33 -> 0 | M33: 0 | N33: 0 | O33: =M33*N33 -> 0 | P33: 0 | Q33: 0 | R33: =P33*Q33 -> 0
D34: 0 | E34: 0 | F34: =D34*E34 -> 0 | G34: 0 | H34: 0 | I34: =G34*H34 -> 0 | J34: 0 | K34: 0 | L34: =J34*K34 -> 0 | M34: 0 | N34: 0 | O34: =M34*N34 -> 0 | P34: 0 | Q34: 0 | R34: =P34*Q34 -> 0
D35: 0 | E35: 0 | F35: =D35*E35 -> 0 | G35: 0 | H35: 0 | I35: =G35*H35 -> 0 | J35: 0 | K35: 0 | L35: =J35*K35 -> 0 | M35: 0 | N35: 0 | O35: =M35*N35 -> 0 | P35: 0 | Q35: 0 | R35: =P35*Q35 -> 0
D36: 0 | E36: 0 | F36: =D36*E36 -> 0 | G36: 0 | H36: 0 | I36: =G36*H36 -> 0 | J36: 0 | K36: 0 | L36: =J36*K36 -> 0 | M36: 0 | N36: 0 | O36: =M36*N36 -> 0 | P36: 0 | Q36: 0 | R36: =P36*Q36 -> 0
D37: 0 | E37: 0 | F37: =D37*E37 -> 0 | G37: 0 | H37: 0 | I37: =G37*H37 -> 0 | J37: 0 | K37: 0 | L37: =J37*K37 -> 0 | M37: 0 | N37: 0 | O37: =M37*N37 -> 0 | P37: 0 | Q37: 0 | R37: =P37*Q37 -> 0
D38: 0 | E38: 0 | F38: =D38*E38 -> 0 | G38: 0 | H38: 0 | I38: =G38*H38 -> 0 | J38: 0 | K38: 0 | L38: =J38*K38 -> 0 | M38: 0 | N38: 0 | O38: =M38*N38 -> 0 | P38: 0 | Q38: 0 | R38: =P38*Q38 -> 0
A39: (add lines as necessary) | D39: 0 | E39: 0 | F39: =D39*E39 -> 0 | G39: 0 | H39: 0 | I39: =G39*H39 -> 0 | J39: 0 | K39: 0 | L39: =J39*K39 -> 0 | M39: 0 | N39: 0 | O39: =M39*N39 -> 0 | P39: 0 | Q39: 0 | R39: =P39*Q39 -> 0
A40: Discount
A41: Details of any discount applied | D41: 0 | E41: 0 | F41: =D41*E41 -> 0 | G41: 0 | H41: 0 | I41: =G41*H41 -> 0 | J41: 0 | K41: 0 | L41: =J41*K41 -> 0 | M41: 0 | N41: 0 | O41: =M41*N41 -> 0 | P41: 0 | Q41: 0 | R41: =P41*Q41 -> 0
A43: Total Recurring Costs: | F43: =SUM(F21:F39)-F41 -> 0 | I43: =SUM(I21:I39)-I41 -> 0 | L43: =SUM(L21:L39)-L41 -> 0 | O43: =SUM(O21:O39)-O41 -> 0 | R43: =SUM(R21:R39)-R41 -> 0
P46: TOTAL 5 YEARS | R46: =SUM(F43,I43,R43,O43,L43) -> 0

Sheet 4. Website development
A1: =MID(CELL("filename",A1),FIND("]",CELL("filename",A1))+1,255) -> 4. Website development
A3: ONLY enter data under the days columns all other information is populated automatically from the other worksheets.
A6: Tenderer Name: please eneter name in Cell B18
A8: Role/requirement | B8: Daily rate (€ excl VAT) | C8: Discovery phase | E8: Design phase | G8: Development phase | I8: Deployment phase | K8: Ongoing support and maintenance
C9: Days | D9: Cost | E9: Days | F9: Cost | G9: Days | H9: Annual Cost | I9: Days | J9: Annual Cost | K9: Days | L9: Annual Cost
A10: Project/Account Management | B10: ='2. Rate card'!C12 -> 0 | D10: =$B10*C10 -> 0 | F10: =$B10*E10 -> 0 | H10: =$B10*G10 -> 0 | J10: =$B10*I10 -> 0 | L10: =$B10*K10 -> 0
A11: Creative Director | B11: ='2. Rate card'!C13 -> 0 | D11: =$B11*C11 -> 0 | F11: =$B11*E11 -> 0 | H11: =$B11*G11 -> 0 | J11: =$B11*I11 -> 0 | L11: =$B11*K11 -> 0
A12: Head of Design | B12: ='2. Rate card'!C14 -> 0 | D12: =$B12*C12 -> 0 | F12: =$B12*E12 -> 0 | H12: =$B12*G12 -> 0 | J12: =$B12*I12 -> 0 | L12: =$B12*K12 -> 0
A13: Technical Director | B13: ='2. Rate card'!C15 -> 0 | D13: =$B13*C13 -> 0 | F13: =$B13*E13 -> 0 | H13: =$B13*G13 -> 0 | J13: =$B13*I13 -> 0 | L13: =$B13*K13 -> 0
A14: Content & Strategy | B14: ='2. Rate card'!C16 -> 0 | D14: =$B14*C14 -> 0 | F14: =$B14*E14 -> 0 | H14: =$B14*G14 -> 0 | J14: =$B14*I14 -> 0 | L14: =$B14*K14 -> 0
A15: UX/UI Designer (Senior/Junior) | B15: ='2. Rate card'!C17 -> 0 | D15: =$B15*C15 -> 0 | F15: =$B15*E15 -> 0 | H15: =$B15*G15 -> 0 | J15: =$B15*I15 -> 0 | L15: =$B15*K15 -> 0
A16: Developer (Senior/Junior) | B16: ='2. Rate card'!C18 -> 0 | D16: =$B16*C16 -> 0 | F16: =$B16*E16 -> 0 | H16: =$B16*G16 -> 0 | J16: =$B16*I16 -> 0 | L16: =$B16*K16 -> 0
A17: Copywriter | B17: ='2. Rate card'!C19 -> 0 | D17: =$B17*C17 -> 0 | F17: =$B17*E17 -> 0 | H17: =$B17*G17 -> 0 | J17: =$B17*I17 -> 0 | L17: =$B17*K17 -> 0
A18: SEO Specialist | B18: ='2. Rate card'!C20 -> 0 | D18: =$B18*C18 -> 0 | F18: =$B18*E18 -> 0 | H18: =$B18*G18 -> 0 | J18: =$B18*I18 -> 0 | L18: =$B18*K18 -> 0
A19: Testing & Quality Assurance | B19: ='2. Rate card'!C21 -> 0 | D19: =$B19*C19 -> 0 | F19: =$B19*E19 -> 0 | H19: =$B19*G19 -> 0 | J19: =$B19*I19 -> 0 | L19: =$B19*K19 -> 0
A20: Training | B20: ='2. Rate card'!C22 -> 0 | D20: =$B20*C20 -> 0 | F20: =$B20*E20 -> 0 | H20: =$B20*G20 -> 0 | J20: =$B20*I20 -> 0 | L20: =$B20*K20 -> 0
A21: Other 1 (please specify) | B21: ='2. Rate card'!C23 -> 0 | D21: =$B21*C21 -> 0 | F21: =$B21*E21 -> 0 | H21: =$B21*G21 -> 0 | J21: =$B21*I21 -> 0 | L21: =$B21*K21 -> 0
A22: Other 2 (please specify) | B22: ='2. Rate card'!C24 -> 0 | D22: =$B22*C22 -> 0 | F22: =$B22*E22 -> 0 | H22: =$B22*G22 -> 0 | J22: =$B22*I22 -> 0 | L22: =$B22*K22 -> 0
A23: Other 3 (please specify) | B23: ='2. Rate card'!C24 -> 0 | D23: =$B23*C23 -> 0 | F23: =$B23*E23 -> 0 | H23: =$B23*G23 -> 0 | J23: =$B23*I23 -> 0 | L23: =$B23*K23 -> 0
A24: Total Cost | C24: =SUM(C10:C23) -> 0 | D24: =SUM(D10:D20) -> 0 | E24: =SUM(E10:E23) -> 0 | F24: =SUM(F10:F20) -> 0 | G24: =SUM(G10:G23) -> 0 | H24: =SUM(H10:H20) -> 0 | I24: =SUM(I10:I23) -> 0 | J24: =SUM(J10:J20) -> 0 | K24: =SUM(K10:K23) -> 0 | L24: =SUM(L10:L20) -> 0
A26: Website discovery, design development and deployment | D26: =SUM(D24,F24,H24,J24) -> 0
A27: Total Cost (excl. VAT) | C27: =SUM(C24,E24,G24,I24,K24) -> 0 | D27: =SUM(D24,F24,H24,J24,L24) -> 0

Sheet 5. Total cost summary
A1: =MID(CELL("filename",A1),FIND("]",CELL("filename",A1))+1,255) -> 5. Total cost summary
A3: Do NOT enter data or change this worksheet. It is populated automatically from the other worksheets.
A5: COSTS | B5: Year 1 | C5: Year 2 | D5: Year 3 | E5: Year 4 | F5: Year 5 | G5: Total cost (including all years) | H5: Category Cost Totals
B6: € | C6: € | D6: € | E6: € | F6: € | G6: €
A7: ='4. Website development'!A1 -> 4. Website development | B7: ='4. Website development'!D26 -> 0 | C7: ='4. Website development'!L24 -> 0 | D7: ='4. Website development'!L24 -> 0 | E7: ='4. Website development'!L24 -> 0 | F7: ='4. Website development'!L24 -> 0 | G7: =SUM(B7:F7) -> 0
A8: ='3. Recurring costs'!A1 -> 3. Recurring costs | B8: ='3. Recurring costs'!F43 -> 0 | C8: ='3. Recurring costs'!I43 -> 0 | D8: ='3. Recurring costs'!L43 -> 0 | E8: ='3. Recurring costs'!O43 -> 0 | F8: ='3. Recurring costs'!R43 -> 0 | G8: =SUM(B8:F8) -> 0
A10: Total supply and support cost (Ex. VAT) For evaluation purposes | B10: =SUBTOTAL(9,B7:B9) -> 0 | C10: =SUBTOTAL(9,C7:C9) -> 0 | D10: =SUBTOTAL(9,D7:D9) -> 0 | E10: =SUBTOTAL(9,E7:E9) -> 0 | F10: =SUBTOTAL(9,F7:F9) -> 0 | G10: =SUM(G7:G9) -> 0 | H10: =SUM(#REF!) -> #REF!
